 Dungeon Crawl Stone Soup version 0.25-a0-280-gfa4545f159 (webtiles) character file.

Game seed: 7358500326151117445, levelgen mode: deterministic

2316 night the Shooter (level 9, 0/72 HPs)
             Began as a Demonspawn Hunter on Dec 10, 2019.
             Was an Initiate of Okawaru.
             Slain by a two-headed ogre
             ... wielding a +0 giant club
              (5 damage)
             ... on level 8 of the Dungeon.
             The game lasted 00:22:03 (7265 turns).

night the Shooter (Demonspawn Hunter)               Turns: 7265, Time: 00:22:05

Health: 0/72       AC: 11    Str: 16    XL:     9   Next: 18%
Magic:  0/18       EV: 10    Int: 15    God:    Okawaru [......]
Gold:   135        SH:  0    Dex: 13    Spells: 8/8 levels left

rFire    + . .     SeeInvis .     - Unarmed
rCold    + . .     Gourm    .   (no shield)
rNeg     . . .     Faith    .   y - +0 scale mail
rPois    .         Spirit   +   (helmet restricted)
rElec    .         Reflect  .   t - scarf {rC+ rF+}
rCorr    .         Harm     .   x - +1 pair of gloves
MR       .....                  (no boots)
Stlth    ..........             q - amulet of regeneration
HPRegen  0.62/turn              j - +2 ring of strength (curse)
MPRegen  0.16/turn              B - ring of magical power

@: no status effects
A: antennae 1, molten scales 2, magic shield
a: Renounce Religion


You were on level 8 of the Dungeon.
You worshipped Okawaru.
Okawaru was noncommittal.
You were not hungry.

You visited 2 branches of the dungeon, and saw 9 of its levels.

You collected 367 gold pieces.
You spent 232 gold pieces at shops.

Inventory:

Hand Weapons
 a - a +1 shortbow
 c - a +0 short sword
Missiles
 d - 221 arrows
Armour
 b - a +0 leather armour
 t - a scarf of resistance (worn)
 x - a +1 pair of gloves (worn)
 y - a +0 scale mail (worn)
Jewellery
 j - a cursed +2 ring of strength (left hand)
 q - an amulet of regeneration (around neck)
 r - an uncursed ring of ice
 s - an uncursed ring of flight
 B - a ring of magical power (right hand)
 C - an uncursed ring of poison resistance {unknown}
 I - an uncursed ring of stealth {unknown}
 J - a cursed -3 ring of strength
Wands
 u - a wand of iceblast (12)
 z - a wand of digging (12)
 D - a wand of flame (20)
 E - a wand of disintegration (13)
Scrolls
 e - 3 scrolls of enchant armour
 g - 2 scrolls of fog
 i - a scroll of fear {unknown}
 k - 2 scrolls of teleportation {unknown}
 l - 12 scrolls of identify
 m - 3 scrolls of amnesia {unknown}
 n - 8 scrolls of remove curse {unknown}
 o - a scroll of immolation
 A - 3 scrolls of enchant weapon {unknown}
 F - 2 scrolls of blinking {unknown}
Potions
 h - 5 potions of lignification
 p - a potion of invisibility {unknown}
 v - 2 potions of brilliance {unknown}
 w - 2 potions of might {unknown}
 G - a potion of mutation {unknown}
Comestibles
 f - 12 rations
 H - 2 chunks of flesh


   Skills:
 + Level 7.3 Fighting
 + Level 7.4 Bows
 - Level 1.7 Dodging
 - Level 0.8 Stealth
 * Level 6.3 Unarmed Combat
 + Level 1.1 Invocations


You had 8 spell levels left.
You didn't know any spells.
Your spell library contained the following spells:

 Spells                   Type           Power        Failure   Level  Hunger
 Animate Skeleton         Necr           N/A          71%         1    ##.....
 Corona                   Hex            #......      71%         1    ##.....
 Pain                     Necr           #...         71%         1    ##.....
 Ensorcelled Hibernation  Hex/Ice        #.....       83%         2    ###....
 Confuse                  Hex            #.......     97%         3    ####...
 Dazzling Flash           Conj/Hex       #.....       97%         3    ####...
 Regeneration             Chrm/Necr      #.........   97%         3    ####...
 Tukima's Dance           Hex            #.......     97%         3    ####...
 Vampiric Draining        Necr           #.........   97%         3    ####...
 Animate Dead             Necr           N/A          100%        4    #####..


Dungeon Overview and Level Annotations

Branches:
Dungeon (8/15)             Temple (1/1) D:7
   Lair: D:8-11

Altars:
Ashenzari
Cheibriados
Dithmenos
Elyvilon
Fedhas
Gozag
Hepliaklqana
Kikubaaqudgha
Makhleb
Nemelex Xobeh
Okawaru
Qazlal
Ru
Sif Muna
Trog
Uskayaw
Vehumet
Wu Jian
Xom
Zin
The Shining One

Shops:
D:7 (


Innate Abilities, Weirdness & Mutations

You have a pair of small antennae on your head.
You are mostly covered in molten scales. (AC +3)
When hurt, damage is shared between your health and your magic reserves.


Message History

The two-headed ogre hits you with a +0 giant club!!
The two-headed ogre hits you with a +0 giant spiked club!!
* * * LOW HITPOINT WARNING * * *
You hit the two-headed ogre.
The two-headed ogre is lightly wounded.
Okay, then.
Okay, then.
Some of the chunks of flesh in your inventory have rotted away.
As you read the scroll labeled OMYWUA WIELIEGO, it crumbles to dust.
The scroll dissolves into smoke.
It was a scroll of fog.
The two-headed ogre hits you with a +0 giant club!
* * * LOW HITPOINT WARNING * * *
The two-headed ogre closely misses you.
As you read the scroll labeled URAWAENNUE, it crumbles to dust.
The creatures around you are filled with an inner flame!
It was a scroll of immolation.
The two-headed ogre hits you with a +0 giant club.
* * * LOW HITPOINT WARNING * * *
The two-headed ogre hits you with a +0 giant spiked club!
You die...

.................................
..........###########....###.....
...##.##### #.# #....# #.....
#.##.# #.## #....# #..... #..#.##
#..# #....# #.....
.##.)(.######..######....# #.....
...[.[.(..#...§#§.§....#####.....
/......##.#.##.§§§.....#.........
............##§O@§§..............
.......##..###§§§§............###
.......#........§§§...........#
.......#.###..#...#.###.###.###
<.....##+ #..##.#)...##.# #.#
....### #####...#.....###.#
###.......##..# #...###....#
#...# ##...#


You could see a two-headed ogre (inner flame).

Vanquished Creatures
  Prince Ribbit (D:7)
  Sigmund (D:6)
  Eustachio (D:6)
  An ice beast (D:6)
  A phantom (D:7)
  3 ogres
  A gnoll sergeant (D:7)
  A wyvern zombie (D:8)
  A water moccasin zombie (D:5)
  6 scorpions
  A howler monkey (D:5)
  2 crimson imps
  A quasit (D:5)
  3 jellies
  2 hounds
  2 orc priests (D:5)
  3 orc wizards
  A centaur skeleton (D:7)
  6 worker ants
  A hound zombie (D:6)
  2 hound skeletons
  A worker ant zombie (D:5)
  7 gnolls
  10 adders
  An ooze (D:3)
  An adder skeleton (D:5)
  3 worms
  A dart slug (D:1)
  A leopard gecko (D:7)
  19 orcs
  5 giant cockroaches
  7 goblins
  5 hobgoblins
  3 jackals (D:4)
  12 kobolds
  5 quokkas
  8 bats
  2 frilled lizards
  8 rats
140 creatures vanquished.

Vanquished Creatures (others)
  7 toadstools (D:4)
7 creatures vanquished.

Grand Total: 147 creatures vanquished

Notes
Turn   | Place    | Note
-------+----------+-------------------------------------------
     0 | D:1      | night the Demonspawn Hunter began the quest for the Orb.
     0 | D:1      | Reached XP level 1. HP: 16/16 MP: 1/1
   287 | D:1      | Gained mutation: When hurt, damage is shared between your
                  | health and your magic reserves. [demonic ancestry]
   287 | D:1      | Reached XP level 2. HP: 19/22 MP: 2/2
   792 | D:2      | Reached skill level 1 in Unarmed Combat
   920 | D:2      | Reached XP level 3. HP: 26/28 MP: 3/3
  1564 | D:2      | Gained mutation: You are partially covered in molten
                  | scales. (AC +2) [demonic ancestry]
  1564 | D:2      | Reached XP level 4. HP: 34/34 MP: 4/4
  1658 | D:2      | Found a shimmering blue altar of Sif Muna.
  2564 | D:3      | Reached XP level 5. HP: 41/41 MP: 5/5
  2967 | D:3      | Found a radiant altar of Vehumet.
  3763 | D:4      | Gained mutation: You are mostly covered in molten scales.
                  | (AC +3) [demonic ancestry]
  3763 | D:4      | Reached XP level 6. HP: 44/48 MP: 6/6
  4118 | D:5      | Entered Level 5 of the Dungeon
  4134 | D:5      | Reached skill level 5 in Bows
  4220 | D:5      | Found a shadowy altar of Dithmenos.
  4288 | D:5      | Found a shimmering altar of Xom.
  4333 | D:5      | Reached XP level 7. HP: 24/55 MP: 7/7
  4641 | D:5      | Reached skill level 5 in Fighting
  5310 | D:6      | Gained mutation: You have a pair of small antennae on your
                  | head. [demonic ancestry]
  5310 | D:6      | Reached XP level 8. HP: 64/64 MP: 8/8
  5404 | D:6      | Noticed Sigmund
  5419 | D:6      | Killed Sigmund
  5485 | D:6      | Reached skill level 5 in Unarmed Combat
  5679 | D:6      | Noticed Eustachio
  5691 | D:6      | Killed Eustachio
  6347 | D:7      | Found a glowing silver altar of Zin.
  6613 | D:7      | Noticed Prince Ribbit
  6630 | D:7      | Killed Prince Ribbit
  6630 | D:7      | Reached XP level 9. HP: 46/72 MP: 9/9
  6819 | D:7      | Found Zafolerph's Antique Weapon Shop.
  6824 | D:7      | Bought a transparent mace for 232 gold pieces
  6824 | D:7      | Identified the +9 mace "Yluriq" {antimagic, -Tele Dex+4
                  | SInv Stlth+} (You bought it in a shop on level 7 of the
                  | Dungeon)
  6840 | D:7      | Found a staircase to the Ecumenical Temple.
  6844 | Temple   | Entered the Ecumenical Temple
  6963 | Temple   | Became a worshipper of Warmaster Okawaru
  7075 | D:7      | Found a hide-covered altar of Uskayaw.
  7076 | D:7      | Found an ancient bone altar of Kikubaaqudgha.
  7078 | D:7      | Found a snail-covered altar of Cheibriados.
  7210 | D:8      | Reached skill level 1 in Invocations
  7247 | D:8      | Noticed a two-headed ogre
  7265 | D:8      | Slain by a two-headed ogre

Levels and vault maps discovered:
D:1:      dpeg_arrival_tiny_f, layout_rooms, serial_forest,
          infiniplex_forest_straight_2, infiniplex_forest_clump_cross,
          infiniplex_forest_zigzag_1, infiniplex_forest_lined_1,
          infiniplex_forest_lined_room_2, infiniplex_forest_end_double,
          infiniplex_forest_lined_1
D:2:      layout_loops_corners, lemuel_blue_sif_altar
D:3:      layout_basic, vehumet_crystals
D:4:      cheibrodos_fertilizer, layout_rooms
D:5:      layout_loops_ring, xom_teletrap_fun, grunt_dithmenos_smoke,
          first_ration
D:6:      minmay_recursive_quarters, layout_cave_pods, uniq_eustachio,
          uniq_sigmund
D:7:      layout_rooms, minitemple, nicolae_overflow_crystal_walls,
          minmay_temple_entry_grid, serial_corexii_hall,
          chequers_hall_statues_corner_a, corexii_hall_statues_i,
          chequers_hall_statues_corner_a, serial_shops, shop,
          uniq_prince_ribbit1
D:8:      layout_rooms, kennysheep_small_circle, uniq_psyche
Temple:   cyrus_circular_temple

Skill      XL: |  1  2  3  4  5  6  7  8  9 |
---------------+----------------------------+-----
Unarmed Combat | 1 2 3 4 6 |  6.3
Bows           | 4 5 6 7 |  7.4
Fighting       | 3 4 5 7 |  7.3
Invocations    | 1 |  1.1
Dodging        | |  1.7
Stealth        | |  0.8

Action                   |  1- 3 |  4- 6 |  7- 9 || total
-------------------------+-------+-------+-------++-------
Melee: Short sword       |    58 |   149 |    36 ||   243
       Unarmed           |       |    23 |   209 ||   232
       Punch             |       |     4 |     7 ||    11
 Fire: Shortbow          |    46 |   108 |   170 ||   324
  Use: Scroll            |       |       |     4 ||     4
 Stab: Sleeping          |     1 |     1 |       ||     2
  Eat: Chunk             |     2 |     9 |     9 ||    20
Armor: Leather armour    |    19 |    24 |       ||    43
       Scale mail        |       |    53 |   117 ||   170
Dodge: Dodged            |    65 |   126 |   133 ||   324

Table legend:
 A = Non-vault XP
 B = Vault XP
 C = Vault XP percentage of total XP
 D = Non-vault monster count
 E = Vault monster count
 F = Vault count percentage of total count
                 A         B        C        D         E       F
            +---------+---------+-------+---------+---------+-------
      Total |    2404 |     905 |  27.3 |     127 |      13 |   9.3
            +---------+---------+-------+---------+---------+-------
        D:1 |      22 |       0 |   0.0 |      12 |       0 |   0.0
        D:2 |     114 |       0 |   0.0 |      28 |       0 |   0.0
        D:3 |      74 |       0 |   0.0 |      11 |       0 |   0.0
        D:4 |     222 |       9 |   3.9 |      19 |       6 |  24.0
        D:5 |     788 |       0 |   0.0 |      23 |       0 |   0.0
        D:6 |     251 |     619 |  71.1 |       4 |       6 |  60.0
        D:7 |     723 |     277 |  27.7 |      23 |       1 |   4.2
        D:8 |     210 |       0 |   0.0 |       7 |       0 |   0.0
            +---------+---------+-------+---------+---------+-------
